 Dungeon Crawl Stone Soup version 0.20.1-1-g8b1a95d (webtiles) character file.

57 letownia2 the Grave Robber (level 3, 0/28 HPs)
             Began as a Deep Dwarf Necromancer on Nov 28, 2017.
             Slain by an orc
             ... wielding a +2 falchion of holy wrath
              (2 damage)
             ... on level 2 of the Dungeon.
             The game lasted 00:02:32 (907 turns).

letownia2 the Grave Robber (Deep Dwarf Necromancer)  Turns: 907, Time: 00:02:33

Health: 0/28       AC:  4    Str: 11    XL:     3   Next: 73%
Magic:  6/6        EV: 12    Int: 16    God:
Gold:   27         SH:  0    Dex: 13    Spells: 2/6 levels left

rFire    . . .     SeeInvis .   g - +2 short sword (flame)
rCold    . . .     Gourm    .   (no shield)
rNeg     . . .     Faith    .   h - +0 leather armour
rPois    .         Spirit   .   o - +0 helmet
rElec    .         Reflect  .   (no cloak)
rCorr    .         Harm     .   (no gloves)
MR       .....                  (no boots)
Stlth    +++.......             (no amulet)
Regen    0.0/turn               m - ring of stealth
MPRegen  0.1/turn               (no ring)

@: non-regenerating
A: damage resistance, heal wounds, sense surroundings 1, no regeneration
a: Heal Wounds


You were on level 2 of the Dungeon.
You were hungry.

You visited 1 branch of the dungeon, and saw 3 of its levels.

You collected 27 gold pieces.

Inventory:

Hand Weapons
 g - a +2 short sword of flaming (weapon)
 j - a +0 flail
Armour
 a - a +0 robe
 h - a +0 leather armour (worn)
 o - a +0 helmet (worn)
Jewellery
 m - a ring of stealth (left hand)
Scrolls
 d - 2 scrolls of amnesia {unknown}
 e - 3 scrolls of remove curse {unknown}
 n - a scroll of enchant armour {unknown}
Potions
 f - a potion of curing {unknown}
 l - a potion of flight {unknown}
Books
 b - a book of Necromancy

   Spells                             Type                      Level
   a - Pain                           Necromancy                   1
   b - Animate Skeleton               Necromancy                   1
   c - Vampiric Draining              Necromancy                   3
   d - Regeneration                   Charms/Necromancy            3
   e - Animate Dead                   Necromancy                   4
   f - Control Undead                 Necromancy                   4
Comestibles
 c - a bread ration
 k - 3 royal jellies


   Skills:
 - Level 2.1 Dodging
 - Level 2.4 Stealth
 - Level 2.1 Spellcasting
 + Level 5.7 Necromancy


You had 2 spell levels left.
You knew the following spells:

 Your Spells              Type           Power        Failure   Level  Hunger
a - Pain                  Necr           ###.         2%          1    #......
v - Vampiric Draining     Necr           ###.......   8%          3    ###....


Dungeon Overview and Level Annotations

Branches:
Dungeon (3/15)

Altars:

Annotations:
D:2 Robin


Innate Abilities, Weirdness & Mutations

You are resistant to damage.
You can heal yourself by infusing magical energy.
You passively map a small area around you.
You do not regenerate.


Message History

Some of the chunks of flesh in your inventory have rotted away.
Unknown command.
You start waiting.
Unknown command.
You start waiting.
Unknown command.
You start waiting.
All of the chunks of flesh in your inventory have rotted away.
Unknown command.
You start waiting.
Unknown command.
You start waiting.
You are feeling hungry.
Unknown command.
There is a stone staircase leading down, spattered with blood here.
You climb downwards.
Level annotation: Robin The bat hits you but does no damage. x3
The orc hits you with a falchion of holy wrath.
You die...

##.# #.## #..# #..###
##.## ##...# ####..#
###.# ##....##### #.#
#.........# #.#
#.........# #.###
..........# #.b.#
....>.....# ###@#
..........# #o#
########### #.# #.#
##############.######
#(........##........#
#.........##........#
..........##........#
#.........##).......#


You could see an orc and a bat.

Vanquished Creatures
  An orc priest (D:3)
  An adder (D:2)
  A leopard gecko (D:2)
  2 bats
  A giant cockroach (D:2)
  2 goblins (D:1)
  3 hobgoblins
  2 jackals (D:2)
  3 kobolds (D:2)
  2 rats (D:1)
18 creatures vanquished.

Notes
Turn   | Place    | Note
-------+----------+-------------------------------------------
     0 | D:1      | letownia2 the Deep Dwarf Necromancer began the quest for the Orb.
     0 | D:1      | Reached XP level 1. HP: 15/15 MP: 3/3
     1 | D:1      | Noticed an electric eel
   171 | D:2      | Noticed Robin
   234 | D:2      | Reached XP level 2. HP: 22/22 MP: 3/5
   293 | D:2      | Reached skill level 5 in Necromancy
   501 | D:3      | Reached XP level 3. HP: 5/28 MP: 0/6
   544 | D:1      | Learned a level 3 spell: Vampiric Draining
   907 | D:2      | Slain by an orc

Skill      XL: |  1  2 |
---------------+-------+-----
Spellcasting   | 2 |  2.1
Necromancy     | 5 |  5.7
Dodging        | |  2.1
Stealth        | |  2.4

Action                   || total
-------------------------++-------
Melee: Short sword       ||     3
 Cast: Pain              ||    34
Armor: Leather armour    ||    29
Dodge: Dodged            ||    29
